 Dungeon Crawl Stone Soup version 0.28-a0-514-g0d7ab7f379 (webtiles) character file.

Game seed: 9569665644020096229

5851 robertstho the Thaumaturge (level 11, -9/69 (76) HPs)
             Began as a Djinni Fire Elementalist on Sept 22, 2021.
             Was an Initiate of Gozag.
             Mangled by a wraith (11 damage)
             ... led by Josephine
             ... on level 10 of the Dungeon.
             The game lasted 00:12:47 (10975 turns).

robertstho the Thaumaturge (DjFE)                  Turns: 10975, Time: 00:12:47

HP:   -9/69 (76)    AC:  6    Str:  7    XL:     11   Next: 7%
Gold: 608           EV: 13    Int: 19    God:    Gozag SH:  0 Dex: 15

rFire   + + +      SeeInvis .   y - +0 scimitar (flame)
rCold   x . .      Faith    .   (no shield)
rNeg    . . .      Spirit   .   a - +0 robe
rPois   ∞          Reflect  .   k - +2 hat
rElec   .          Harm     .   c - +0 cloak
rCorr   .          Rampage  .   s - +0 pair of gloves
Will    +....                   (boots unavailable)
Stlth   ++........              (no amulet)
HPRegen 0.21/turn               h - ring of protection from fire
MPRegen 0.00/turn               (no ring)

@: gold aura, flying, drained
A: sickness immunity, fire resistance 2, cold vulnerability 1, float, innate
caster, hp casting, extra vitality 1
a: Renounce Religion, Potion Petition, Call Merchant, Bribe Branch


You were on level 10 of the Dungeon.
You worshipped Gozag.
Gozag was pleased with you.
You visited 2 branches of the dungeon, and saw 11 of its levels.

You collected 695 gold pieces.
You paid 87 gold pieces to Gozag.

Inventory:

Hand Weapons
 d - a +0 dagger
 i - a +2 dagger of pain
 r - a +5 vorpal scythe
 y - a +0 scimitar of flaming (weapon)
Armour
 a - a +0 robe (worn)
 c - a +0 cloak (worn)
 k - a +2 hat (worn)
 s - a +0 pair of gloves (worn)
Jewellery
 h - a ring of protection from fire (left hand)
Wands
 v - a wand of acid (8)
 x - a wand of iceblast (13)
Scrolls
 f - 2 scrolls of blinking
 l - 3 scrolls of fog
 n - 6 scrolls of teleportation
 q - a scroll of enchant weapon
 u - a scroll of magic mapping
 z - a scroll of immolation
Potions
 b - 3 potions of lignification {unknown}
 e - 2 potions of curing
 g - 6 potions of might {unknown}
 j - a potion of haste {unknown}
 o - a potion of ambrosia {unknown}
 t - 3 potions of heal wounds {unknown}
 w - a potion of attraction {unknown}
 A - a potion of flight {unknown}


   Skills:
 * Level 5.6 Fighting
 + Level 1.2 Long Blades
 + Level 1.7 Polearms
 + Level 4.1 Dodging
 + Level 3.4 Stealth
 * Level 10.9 Spellcasting


You had 5 spell levels left.
You knew the following spells:

 Your Spells              Type           Power      Damage    Failure   Level
a - Foxfire               Conj/Fire      100%       2x1d9     1%          1
b - Scorch                Fire           100%       2d10      1%          2
c - Conjure Flame         Conj/Fire      51%        6-21      1%          3
d - Inner Flame           Hex/Fire       51%        N/A       1%          3
e - Flame Wave            Conj/Fire      51%        3d10      1%          4
f - Summon Small Mammal   Summ           100%       N/A       1%          1
g - Ensorcelled Hibernat  Hex/Ice        100%       N/A       1%          2
h - Portal Projectile     Hex/Tloc       100%       N/A       1%          3
i - Mephitic Cloud        Conj/Pois/Air  51%        N/A       1%          3
j - Sticky Flame          Conj/Fire      51%        2d7       1%          4
Your spell library was empty.

Dungeon Overview and Level Annotations

Branches:
Dungeon (10/15)            Temple (1/1) D:7            Lair (0/6) D:10
    Orc: D:9-12

Altars:
Ashenzari
Elyvilon
Fedhas
Gozag
Hepliaklqana
Kikubaaqudgha
Makhleb
Nemelex Xobeh
Okawaru
Qazlal
Sif Muna
Uskayaw
Vehumet
Wu Jian
Yredelemnul
Zin
The Shining One

Shops:
D:5 !

Annotations:
D:3 1 runed translucent door, barkas's ghost, amateur NaAM
D:10 Josephine


Innate Abilities, Weirdness & Mutations

You are immune to sickness and miasma.
You are immune to poison.
Your flesh is very heat resistant. (rF++)
You are vulnerable to cold. (rC-)
You float through the air rather than walking.
You learn spells naturally, not from books.
Your magical power is your life essence.
You have superior vitality. (+4 HP)


Message History

Confirm with . or Enter, or press ? or * to list all spells.
Casting: Flame Wave (dangerous; 1% risk of failure)
Press: ? - help, Dir - look around, f - activate A wave of flame ripples out!
The flame wave engulfs Josephine!
Josephine is severely wounded. (Press . to intensify the flame waves.) Josephine points at you and mumbles some strange words.
The ghostly flame explodes!
The ghostly fireball engulfs you!!
You feel drained.
* * * LOW HITPOINT WARNING * * *
The ghostly fireball engulfs Josephine.
Josephine completely resists.
A wave of flame ripples out!
The flame wave engulfs Josephine!
Josephine is almost dead.
The flame wave engulfs the wraith!
The wraith is moderately damaged.
* * * LOW HITPOINT WARNING * * *
Josephine points at you and mumbles some strange words.
The ghostly flame explodes!
The ghostly fireball engulfs you!
You feel drained.
* * * LOW HITPOINT WARNING * * *
The ghostly fireball engulfs Josephine.
Josephine completely resists.
You feel better.
A centaur comes into view.
Josephine grinds her teeth.
Josephine hits you with a +2 dagger of venom!
* * * LOW HITPOINT WARNING * * *
Your magical contamination has completely faded away.
You feel better. The centaur completely misses you. The centaur kicks you.
* * * LOW HITPOINT WARNING * * *
Josephine hits you with a +2 dagger of venom.
* * * LOW HITPOINT WARNING * * *
You feel better. The centaur hits you.
* * * LOW HITPOINT WARNING * * *
The centaur closely misses you.
The centaur hits you but does no damage.
The centaur misses you.
Josephine hits you with a +2 dagger of venom.
* * * LOW HITPOINT WARNING * * *
The wraith hits you!
You die...
Your body crumbles into a pile of gold.

#.................
##...##............
#....#......##...#
##...........#...#
#...........#...#
######.........##.
#...#.........
##.###c##....
####..@# ##
#...W@.#
#..[....?..
#............
##.#.###..... #####
##..$ ... ..


You could see Josephine, a wraith and a centaur.

Vanquished Creatures
  Erolcha (D:9)
  Erica (D:8)
  Sigmund (D:5)
  2 shadows (D:9)
  A wyvern (D:7)
  A spriggan (D:8)
  2 wraiths (D:10)
  Menkaure (D:7)
  Edmund (D:6)
  5 water moccasins
  3 orc warriors
  An ice beast (D:6)
  3 sky beasts
  A black bear (D:6)
  3 centaurs
  3 ogres
  A phantom (D:5)
  A kobold brigand (D:6)
  4 scorpions
  4 wights (D:9)
  5 howler monkeys
  2 bullfrog zombies (D:5)
  5 hounds
  3 centaur zombies
  3 orc priests
  A jelly (D:4)
  Jessica (D:3)
  An iguana (D:6)
  6 orc wizards
  4 killer bee zombies
  2 howler monkey zombies (D:8)
  5 adders
  A shadow imp (D:5)
  A white imp (D:8)
  2 ufetubi (D:4)
  An adder skeleton (D:4)
  3 dart slugs
  22 orcs
  4 bats
  6 endoplasms
  A giant cockroach (D:1)
  6 goblins
  4 hobgoblins
  8 quokkas
  6 ball pythons
  8 kobolds
  A rat (D:2)
152 creatures vanquished.

Vanquished Creatures (others)
  462 foxfires
462 creatures vanquished.

Grand Total: 614 creatures vanquished

Notes
Turn   | Place    | Note
-------+----------+-------------------------------------------
     0 | D:1      | robertstho the Djinni Fire Elementalist began the quest for
                  | the Orb.
     0 | D:1      | Reached XP level 1. HP: 15/15 MP: 0/0
   534 | D:1      | Reached XP level 2. HP: 12/21 MP: 0/0
  1366 | D:2      | Reached skill level 3 in Spellcasting
  1366 | D:2      | Reached XP level 3. HP: 20/26 MP: 0/0
  1366 | D:2      | Learned a level 1 spell: Summon Small Mammal
  2088 | D:2      | Reached skill level 1 in Fighting
  2318 | D:2      | Found a faded altar of an unknown god.
  2478 | D:3      | Noticed Jessica
  2482 | D:3      | Killed Jessica
  2483 | D:3      | Reached XP level 4. HP: 27/32 MP: 0/0
  2598 | D:3      | Found a burning altar of Makhleb.
  2598 | D:3      | Noticed an Executioner
  2974 | D:3      | Found a runed translucent door.
  2974 | D:3      | Noticed a bullfrog
  3454 | D:3      | Noticed barkas's ghost (amateur NaAM)
  3508 | D:4      | Reached XP level 5. HP: 24/37 MP: 0/0
  3508 | D:4      | Learned a level 2 spell: Ensorcelled Hibernation
  3635 | D:4      | Reached skill level 4 in Spellcasting
  3953 | D:4      | Noticed an ogre
  3960 | D:4      | Killed an ogre
  3961 | D:4      | Reached XP level 6. HP: 36/43 MP: 0/0
  4195 | D:4      | Found a blossoming altar of Fedhas.
  4543 | D:5      | Entered Level 5 of the Dungeon
  4614 | D:5      | Noticed a sky beast
  4621 | D:5      | Killed a sky beast
  4622 | D:5      | Reached skill level 5 in Spellcasting
  4622 | D:5      | Reached XP level 7. HP: 38/49 MP: 0/0
  4622 | D:5      | Learned a level 3 spell: Portal Projectile
  4834 | D:5      | Found Olixaafun's Distillery.
  4982 | D:5      | Reached skill level 6 in Spellcasting
  5038 | D:5      | Noticed Sigmund
  5319 | D:5      | Reached XP level 8. HP: 51/55 MP: 0/0
  5443 | D:5      | Killed Sigmund
  5814 | D:6      | Reached skill level 7 in Spellcasting
  5816 | D:6      | Noticed Edmund
  6041 | D:6      | Killed Edmund
  6096 | D:6      | Reached XP level 9. HP: 38/61 MP: 0/0
  6096 | D:6      | Learned a level 3 spell: Mephitic Cloud
  6469 | D:6      | Reached skill level 8 in Spellcasting
  7069 | D:6      | Found a sparkling altar of Nemelex Xobeh.
  7395 | D:7      | Noticed Menkaure
  7399 | D:7      | Killed Menkaure
  7533 | D:7      | Reached skill level 9 in Spellcasting
  7620 | D:7      | Found a staircase to the Ecumenical Temple.
  7628 | D:7      | Reached skill level 1 in Polearms
  7638 | Temple   | Entered the Ecumenical Temple
  7871 | Temple   | Became a worshipper of Gozag Ym Sagoz the Greedy
  8001 | D:7      | Found a broken altar of Ashenzari.
  8010 | D:7      | Found a basalt altar of Yredelemnul.
  8121 | D:8      | Reached XP level 10. HP: 67/69 MP: 0/0
  8982 | D:8      | Noticed Erica
  8989 | D:8      | Killed Erica
  8990 | D:8      | Reached skill level 5 in Fighting
  8990 | D:8      | Reached skill level 10 in Spellcasting
  9742 | D:9      | Noticed Erolcha
 10448 | D:9      | Killed Erolcha
 10636 | D:10     | Entered Level 10 of the Dungeon
 10647 | D:10     | Reached skill level 1 in Long Blades
 10647 | D:10     | Reached XP level 11. HP: 72/76 MP: 0/0
 10647 | D:10     | Learned a level 4 spell: Sticky Flame
 10669 | D:10     | Found a staircase to the Lair.
 10959 | D:10     | Noticed Josephine
 10973 | D:10     | HP: 1/69 [Josephine (8)]
 10975 | D:10     | Mangled by a wraith

Illustrated notes

Levels and vault maps discovered:
D:1:      saegor_arrival_simple_d, layout_basic
D:2:      layout_rooms, dilly_ecumenical_altar_fadedgnrine,
          minmay_misc_feat_more_columns
D:3:      layout_basic, makhleb_altar_promises_db, ebering_ghost_sewer_d,
          uniq_jessica
D:4:      layout_cave_pools, mainiacjoe_overflow_brackets, st_stairs_6,
          kennysheep_generic_room_10
D:5:      layout_rooms, serial_shops, shop, minmay_misc_feat_room, uniq_sigmund
D:6:      layout_loops_ring, mainiacjoe_overflow_alcove_4, uniq_edmund
D:7:      layout_gridville, mainiacjoe_overflow_swirl,
          minmay_temple_entry_trees, uniq_menkaure
D:8:      layout_loops_corners, the_hattery, uniq_erica
D:9:      layout_rooms, uniq_erolcha
D:10:     layout_cave_pools, lemuel_crystal_altar, lair_entry_dummy,
          uniq_josephine
Temple:   kb_temple_of_zot

Skill      XL: |  1  2  3  4  5  6  7  8  9 10 |
---------------+-------------------------------+-----
Spellcasting   | 3 4 5 6 7 9 10 | 10.9
Fighting       | 1 2 3 4 5 |  5.6
Stealth        | 2 3 |  3.4
Dodging        | 3 4 |  4.1
Polearms       | 1 |  1.7
Long Blades    | 1 |  1.2

Action                   |  1- 3 |  4- 6 |  7- 9 | 10-12 || total
-------------------------+-------+-------+-------+-------++-------
Melee: Dagger            |       |     1 |     1 |       ||     2
       Scythe            |       |       |     9 |     7 ||    16
       Scimitar          |       |       |       |    27 ||    27
 Cast: Foxfire           |    94 |    69 |    81 |    30 ||   274
       Scorch            |       |    13 |    49 |    16 ||    78
       Flame Wave        |       |       |     8 |    19 ||    27
  Use: Scroll            |     3 |       |     2 |     3 ||     8
       Potion            |       |       |     1 |     3 ||     4
Armor: Robe              |     6 |     5 |    15 |    26 ||    52
Dodge: Dodged            |     7 |    10 |    41 |    57 ||   115

Table legend: (Time is in decaauts)
 A = Elapsed time spent in this place.
 B = Non-inter-level travel time spent in this place.
 C = Inter-level travel time spent in this place.
 D = Time resting spent in this place.
 E = Time spent auto-exploring this place.
 F = Levels seen in this place.
 G = Mean time per level.
                   A        B        C        D        E       F      G
               +--------+--------+--------+--------+--------+-----+--------+
         Total |  10999 |  10629 |    370 |    655 |   8832 |  11 |  999.9 |
       Dungeon |  10736 |  10395 |    341 |    655 |   8610 |  10 | 1073.6 |
        Temple |    262 |    233 |     29 |      0 |    222 |   1 |  262.0 |
               +--------+--------+--------+--------+--------+-----+--------+

Top non-repeatable levels by time:
     D:8: 1897 daAuts
     D:1: 1358 daAuts
     D:6: 1340 daAuts
     D:4: 1282 daAuts
     D:5: 1169 daAuts
     D:3: 1094 daAuts
     D:2: 1042 daAuts
     D:9: 642 daAuts
     D:7: 567 daAuts
    D:10: 341 daAuts
  Temple: 262 daAuts
